 Dungeon Crawl Stone Soup version 0.26.1-11-gd32895ea62 (webtiles) character file.

Game seed: 2269551903213261657

7983 nightchill the Covert (level 11, -11/68 HPs)
             Began as a Kobold Enchanter on July 19, 2021.
             Was a Believer of Wu Jian.
             Killed from afar by a wizard (60 damage)
             ... with a crystal spear
             ... on level 10 of the Dungeon.
             The game lasted 00:52:48 (14813 turns).

nightchill the Covert (Kobold Enchanter)           Turns: 14813, Time: 00:52:48

Health: -11/68     AC: 10    Str:  9    XL:     11   Next: 47%
Magic:  6/14       EV: 16    Int: 17    God:    Wu Jian [**....]
Gold:   744        SH:  0    Dex: 15    Spells: 5/14 levels left

rFire    + + .     SeeInvis .   I - +0 rapier
rCold    + + .     Faith    .   (shield restricted)
rNeg     . . .     Spirit   .   L - +3 robe "Zionesh" {*Corrode rC+ Will++ Stlth+}
rPois    .         Reflect  .   h - +1 helmet
rElec    .         Harm     .   O - scarf {rC+ rF+}
rCorr    .         Rampage  .   (no gloves)
Will     +++..                  o - +2 pair of boots
Stlth    ++++++++..             (no amulet)
HPRegen  0.21/turn              k - ring of willpower
MPRegen  0.14/turn              u - ring of protection from fire

@: confusing touch
A: small, nightstalker 3
a: Renounce Religion, Wall Jump


You were on level 10 of the Dungeon.
You worshipped Wu Jian.
Wu Jian was pleased with you.
You visited 2 branches of the dungeon, and saw 11 of its levels.

You collected 744 gold pieces.

Inventory:

Hand Weapons
 a - a +1 dagger
 I - a +0 rapier (weapon)
Missiles
 y - 19 poisoned darts
 A - a throwing net
 P - 13 boomerangs
Armour
 h - a +1 helmet (worn)
 l - a +0 leather armour
 o - a +2 pair of boots (worn)
 p - a +0 kite shield
 x - a +0 buckler
 L - the +3 robe "Zionesh" (worn) {*Corrode rC+ Will++ Stlth+}
   (You found it on level 6 of the Dungeon)

   It protects you from cold.
   It affects your willpower, your defense against some magical effects.
   It may corrode you when you take damage.
   It makes you more stealthy.
 O - a scarf of resistance (worn)
 Q - a +3 leather armour of fire resistance
Jewellery
 k - a ring of willpower (left hand)
 u - a ring of protection from fire (right hand)
 F - a +6 ring of strength
Wands
 v - a wand of acid (5)
 K - a wand of iceblast (14)
 M - a wand of digging (4)
 N - a wand of disintegration (14)
 S - a wand of polymorph (13)
Scrolls
 e - a scroll of immolation
 i - 3 scrolls of amnesia
 j - a scroll of torment {unknown}
 m - a scroll of enchant weapon {unknown}
 n - 2 scrolls of fog
 q - 4 scrolls of teleportation {unknown}
 t - 2 scrolls of magic mapping {unknown}
 B - 3 scrolls of fear {unknown}
 C - a scroll of random uselessness {unknown}
 D - 5 scrolls of remove curse
 H - a scroll of enchant armour {unknown}
 J - a scroll of blinking {unknown}
 R - a scroll of identify
Potions
 b - 2 potions of magic
 c - a potion of heal wounds
 d - a potion of attraction
 f - 2 potions of might
 g - a potion of resistance
 r - 2 potions of curing
 s - a potion of lignification
 w - 2 potions of ambrosia
 z - a potion of experience {unknown}
 E - 3 potions of berserk rage {unknown}
 G - a potion of degeneration {unknown}
 T - a potion of flight {unknown}


   Skills:
 + Level 7.6 Fighting
 + Level 9.3 Short Blades
 + Level 3.5 Dodging
 * Level 14.2 Stealth
 - Level 2.1 Spellcasting
 + Level 8.8 Hexes
 - Level 4.0 Ice Magic


You had 5 spell levels left.
You knew the following spells:

 Your Spells              Type           Power        Failure   Level
a - Corona                Hex            34%          1%          1
b - Ensorcelled Hibernat  Hex/Ice        46%          1%          2
c - Confusing Touch       Hex            31%          1%          3
d - Tukima's Dance        Hex            31%          1%          3

Your spell library contained the following spells:

 Spells                   Type           Power        Failure   Level
 Dazzling Flash           Conj/Hex       32%          10%         3
 Animate Skeleton         Necr           2%           19%         1
 Pain                     Necr           4%           19%         1
 Vampiric Draining        Necr           0%           50%         3
 Animate Dead             Necr           0%           88%         4
 Agony                    Necr           1%           99%         5


Dungeon Overview and Level Annotations

Branches:
Dungeon (10/15)            Temple (1/1) D:6            Lair (0/6) D:8
    Orc: D:9-12

Altars:
Ashenzari
Cheibriados
Dithmenos
Elyvilon
Fedhas
Gozag
Hepliaklqana
Kikubaaqudgha
Makhleb
Nemelex Xobeh
Okawaru
Qazlal
Ru
Sif Muna
Trog
Uskayaw
Vehumet
Wu Jian
Xom
Yredelemnul
Zin
The Shining One
Beogh

Shops:
D:5 (?   D:9 :

Annotations:
D:1 exclusions: jackal and 1 more exclusion
D:2 exclusion: 2 downstairs
D:4 exclusions: downstairs and orc, Blork the orc, Grinder
D:7 exclusion: downstairs


Innate Abilities, Weirdness & Mutations

You are small and have problems with some larger weapons.
You are completely attuned to the shadows.


Message History

Your hands begin to glow red.
The wizard gestures at you while chanting.
The bolt of cold misses you.
You hear some strange, mumbled words.
A bolt of lightning appears from out of thin air!
The bolt of lightning misses you.
You hit the wizard but do no damage.
The wizard is lightly wounded.
The wizard hits you but does no damage. Something hits you but does no damage.
The wizard blocks your attack.
The wizard is lightly wounded.
The wizard barely misses you. Something hits you but does no damage.
You closely miss the wizard.
The wizard is lightly wounded.
You hit the wizard but do no damage.
The wizard is lightly wounded.
The wizard points at you and mumbles some strange words.
The crystal spear hits you!!!
Ouch! That really hurt!
You die...

..... ...#. #...<
##.#. #. .....
###.##### ##...
........ .....
...p{.# ##..
.###@.# #..
.#(#..## ##.
.###...# #>
....)..# #####
.......# #....
#..###.# #.###
##.##.)##########.#
#.....)..........#
##################


You could see a wizard and a +4 double sword.

Vanquished Creatures
  Harold (D:10)
  A deep elf knight (D:10)
  An orc knight (D:10)
  Pikel (D:8)
  Joseph (D:7)
  2 trolls (D:9)
  3 wyverns (D:8)
  A basilisk (D:8)
  Menkaure (D:7)
  2 water moccasins (D:8)
  5 orc warriors
  4 ice beasts
  3 sky beasts
  2 centaurs
  2 ogres (D:6)
  4 wolves (D:8)
  2 lemures (D:8)
  A big kobold (D:8)
  7 bullfrogs
  4 gnoll sergeants
  A wyvern zombie (D:6)
  2 scorpions
  5 wights (D:9)
  2 howler monkeys
  A quasit (D:8)
  5 hounds
  8 orc wizards
  5 orc priests
  2 centaur skeletons (D:7)
  2 gnoll shamans
  An iguana (D:8)
  5 worker ants
  A hound skeleton (D:8)
  23 gnolls
  7 adders
  A white imp (D:5)
  An ufetubus (D:6)
  An adder zombie (D:5)
  3 worms
  4 dart slugs
  7 leopard geckos
  56 orcs
  A ball python (D:4)
  2 giant cockroaches (D:2)
  4 goblins
  7 hobgoblins
  4 jackals (D:5)
  5 bats
  A frilled lizard (D:4)
  A jackal skeleton (D:4)
  11 kobolds
  A leopard gecko zombie (D:8)
  A quokka skeleton (D:2)
  3 rats
232 creatures vanquished.

Vanquished Creatures (others)
  A dancing weapon (D:6)
  5 fungi (D:8)
  14 plants
20 creatures vanquished.

Grand Total: 252 creatures vanquished

Notes
Turn   | Place    | Note
-------+----------+-------------------------------------------
     0 | D:1      | nightchill the Kobold Enchanter began the quest for the
                  | Orb.
     0 | D:1      | Reached XP level 1. HP: 10/10 MP: 3/3
   576 | D:1      | Reached XP level 2. HP: 15/15 MP: 5/5
   579 | D:1      | Learned a level 2 spell: Ensorcelled Hibernation
  1547 | D:2      | Reached XP level 3. HP: 20/20 MP: 6/6
  1907 | D:2      | Reached skill level 1 in Fighting
  1989 | D:2      | Reached skill level 1 in Ice Magic
  2028 | D:2      | Reached XP level 4. HP: 17/25 MP: 0/7
  2620 | D:3      | Reached skill level 5 in Stealth
  2900 | D:3      | Found a faded altar of an unknown god.
  2929 | D:3      | Learned a level 3 spell: Confusing Touch
  3612 | D:3      | Reached XP level 5. HP: 5/29 MP: 1/8
  4745 | D:4      | Noticed Blork the orc
  4948 | D:4      | Reached XP level 6. HP: 27/35 MP: 0/9
  5312 | D:4      | Reached skill level 6 in Stealth
  5542 | D:4      | Noticed Grinder
  5556 | D:4      | Reached XP level 7. HP: 40/40 MP: 10/10
  5898 | D:4      | Found a hazy altar of Hepliaklqana.
  6097 | D:5      | Entered Level 5 of the Dungeon
  6246 | D:5      | Reached skill level 5 in Hexes
  6360 | D:5      | Reached skill level 7 in Stealth
  6360 | D:5      | Reached XP level 8. HP: 35/45 MP: 5/11
  6698 | D:5      | Found Dedif's Magic Scroll Shoppe.
  8031 | D:5      | Learned a level 3 spell: Tukima's Dance
  8058 | D:5      | Reached skill level 8 in Stealth
  8226 | D:5      | Found a sparkling altar of Nemelex Xobeh.
  8911 | D:5      | Found Ekkumu Ucvis's Weapon Shoppe.
  9067 | D:5      | Found a burning altar of Makhleb.
  9277 | D:6      | Reached skill level 5 in Short Blades
  9277 | D:6      | Reached XP level 9. HP: 41/52 MP: 9/12
  9419 | D:6      | Found a staircase to the Ecumenical Temple.
  9425 | Temple   | Entered the Ecumenical Temple
  9505 | Temple   | Became a worshipper of the Wu Jian Council
  9613 | D:6      | Reached skill level 9 in Stealth
  9902 | D:6      | Got a creamy pearl robe
  9913 | D:6      | Identified the +3 robe "Zionesh" {*Corrode rC+ Will++
                  | Stlth+} (You found it on level 6 of the Dungeon)
 10369 | D:7      | Reached skill level 10 in Stealth
 10493 | D:7      | Found a bloodstained altar of Trog.
 10709 | D:7      | Noticed Menkaure
 10712 | D:7      | Killed Menkaure
 10713 | D:7      | Reached skill level 5 in Fighting
 11208 | D:7      | Noticed Joseph
 11209 | D:7      | Killed Joseph
 11210 | D:7      | Reached skill level 11 in Stealth
 11423 | D:8      | Reached XP level 10. HP: 59/59 MP: 13/13
 11928 | D:8      | Reached * piety under Wu Jian
 12009 | D:8      | Reached skill level 12 in Stealth
 12260 | D:8      | Found a staircase to the Lair.
 12581 | D:8      | Noticed Pikel
 12602 | D:8      | Killed Pikel
 12920 | D:8      | Found a sacrificial altar of Ru.
 13141 | D:9      | Reached skill level 13 in Stealth
 13637 | D:9      | Reached XP level 11. HP: 61/65 MP: 4/14
 13966 | D:9      | Reached ** piety under Wu Jian
 14031 | D:9      | Found Kelleun's Book Emporium.
 14358 | D:9      | Found a roughly hewn altar of Beogh.
 14636 | D:10     | Entered Level 10 of the Dungeon
 14692 | D:10     | Noticed an orc knight
 14694 | D:10     | Noticed Harold
 14694 | D:10     | Noticed a deep elf knight
 14695 | D:10     | Killed an orc knight
 14716 | D:10     | Killed a deep elf knight
 14717 | D:10     | Reached skill level 14 in Stealth
 14720 | D:10     | Killed Harold
 14786 | D:10     | Noticed a wizard
 14798 | D:10     | Noticed a wizard
 14802 | D:10     | Noticed a +4 double sword
 14813 | D:10     | Killed from afar by a wizard

Illustrated notes

Levels and vault maps discovered:
D:1:      co_arrival_random_square_maze, layout_loops_ring
D:2:      layout_basic, chequers_big_river, minmay_tetromino_i2
D:3:      layout_rooms, chequers_ecumenical_altar_simple_redux,
          minmay_misc_feat_four_crosses, solitary_fountain
D:4:      layout_loops_ring, nzn_hepliaklqana_mist_gate,
          kennysheep_generic_room_6, uniq_blork_the_orc, uniq_grinder
D:5:      layout_cave_pools, lightli_temple_of_fire,
          nemelex_xobeh_ov_fountains_minmay, serial_gnoll_camp,
          gnoll_camp_mini_loothouse, gnoll_camp_mini_basic,
          gnoll_camp_mini_shop, gnoll_camp_huts_basic, gnoll_camp_mini_shop
D:6:      layout_loops_ring, minmay_temple_entry_slanted
D:7:      layout_gridville, trog_three_pillars_becter, uniq_joseph,
          uniq_menkaure
D:8:      layout_gridville, nicolae_ru_path_of_blood, minmay_lair_entry_grove,
          chequers_serial_rivers_micro_d, uniq_pikel
D:9:      layout_loops_ring, special_room [special_room_orc], serial_shops,
          shop, hangedman_decor_opposing
D:10:     layout_basic, sword_in_stone
Temple:   hc_temple_tempest_star

Skill      XL: |  1  2  3  4  5  6  7  8  9 10 11 |
---------------+----------------------------------+-----
Short Blades   | 2 3 5 6 8 9 |  9.3
Fighting       | 1 2 3 5 6 7 |  7.6
Ice Magic      | 1 2 3 4 |  4.0
Stealth        | 5 6 7 8 11 13 14 | 14.2
Hexes          | 4 5 6 7 8 |  8.8
Dodging        | 3 |  3.5
Spellcasting   | |  2.1

Action                   |  1- 3 |  4- 6 |  7- 9 | 10-12 || total
-------------------------+-------+-------+-------+-------++-------
Melee: Dagger            |    54 |   122 |   170 |       ||   346
       Rapier            |       |       |    72 |   232 ||   304
Throw: Throwing net      |       |       |       |     1 ||     1
 Cast: Corona            |     3 |     2 |     4 |       ||     9
       Ensorcelled Hiber |    13 |    44 |    83 |    56 ||   196
       Confusing Touch   |       |     1 |     6 |    11 ||    18
       Tukima's Dance    |       |       |     1 |       ||     1
Invok: Lunge             |       |       |    17 |    36 ||    53
       Whirlwind         |       |       |       |     9 ||     9
Evoke: Wand              |       |     5 |     3 |       ||     8
  Use: Scroll            |       |       |    10 |     1 ||    11
       Potion            |       |       |       |     2 ||     2
 Stab: Sleeping          |    18 |    37 |    59 |    50 ||   164
       Confused          |       |       |     6 |    13 ||    19
       Distracted        |       |       |     2 |     2 ||     4
Armor: Robe              |     9 |    30 |    36 |    37 ||   112
Dodge: Dodged            |    41 |    66 |   149 |   107 ||   363
